 Dungeon Crawl Stone Soup version 0.19-a0-687-g35db334 (webtiles) character file.

37 matakusis the Grave Robber (level 3, 0/24 HPs)
             Began as a Demonspawn Necromancer on June 18, 2016.
             Succumbed to an adder's poison
             ... on level 1 of the Dungeon.
             The game lasted 00:05:26 (748 turns).

matakusis the Grave Robber (Demonspawn Necromancer)  Turns: 748, Time: 00:05:27

Health: 0/24       AC:  2    Str:  5 (8)  XL:     3   Next: 23%
Magic:  0/7        EV: 12    Int: 15 (17) God:
Gold:   37         SH:  0    Dex: 10 (13) Spells: 2 memorised, 5 levels left

rFire  . . .     SeeInvis .     l - +1 short sword
rCold  . . .     Gourm    .     a - +0 robe
rNeg   . . .     Faith    .     (no shield)
rPois  .         Spirit   .     (helmet restricted)
rElec  .         Dismiss  .     (no cloak)
rCorr  .         Reflect  .     (no gloves)
SustAt .         Harm     .     (no boots)
MR     .....                    (no amulet)
Stlth  ++........               (no ring)
                                (no ring)

@: lethally poisoned (0 -> -2), not resistant to hostile enchantments,
unstealthy
A: antennae 1, powered by pain 1
a: no special abilities


You were on level 1 of the Dungeon.
You were not hungry.

You visited 1 branch of the dungeon, and saw 2 of its levels.

You collected 37 gold pieces.

Inventory:

Hand Weapons
 l - a +1 short sword (weapon)
Armour
 a - a +0 robe (worn)
Scrolls
 k - a scroll of magic mapping {unknown}
 m - a scroll of amnesia {unknown}
Books
 b - a book of Necromancy

   Spells                             Type                      Level
   a - Pain                           Necromancy                   1
   b - Animate Skeleton               Necromancy                   1
   c - Vampiric Draining              Necromancy                   3
   d - Regeneration                   Charms/Necromancy            3
   e - Animate Dead                   Necromancy                   4
   f - Control Undead                 Necromancy                   4
Comestibles
 c - a bread ration
 f - 3 chunks of flesh
 g - 4 fruits


   Skills:
 - Level 1.7 Dodging
 - Level 1.7 Stealth
 + Level 2.7 Spellcasting
 + Level 5.1 Necromancy


You had 5 spell levels left.
You knew the following spells:

 Your Spells              Type           Power        Failure   Level  Hunger
a - Pain                  Necr           ###.         2%          1    #......
b - Animate Skeleton      Necr           N/A          2%          1    #......


Dungeon Overview and Level Annotations

Branches:
Dungeon (2/15)

Altars:


Innate Abilities, Weirdness & Mutations

You have a pair of small antennae on your head.
You sometimes gain a little power by taking damage.


Message History

There is a stone staircase leading down here.
Casting: Pain
Confirm with . or Enter, or press ? or * to list all spells.
Aiming: Pain
Press: ? - help, Shift-Dir - straight line, f - hobgoblin
Aim: a hobgoblin (chance to defeat MR: 93%)
The hobgoblin convulses in agony!
You kill the hobgoblin!
You aren't carrying any potions.
Okay, then.
As you read the scroll labeled YNABBO NANA, it crumbles to dust.
You feel blessed for a moment.
It was a scroll of remove curse.
As you read the scroll labeled COOXTA BEDAMN, it crumbles to dust.
It is a scroll of recharging.
You aren't carrying any rechargeable items.
As you read the scroll labeled USHREC DUPH, it crumbles to dust.
It is a scroll of enchant weapon.
Enchant which weapon? (? for menu, Esc to quit)
Your +0 short sword glows red for a moment.
You die...

###.....#...# #.........#...... #
#.....##### #.Z.......#...... #
##...^.# #..Z......#......
#.....# #.........#...... #.....#
#............##.# # ##.....###
##...........##.# # #.....##.#
####..>......###.# ###.....#..#
#........###.##..#
.#.....##..#####@##..#..# #.##.##
......##.........##.....# #.##.#
....###..(..###........## #..#.#
#####.....#####.###.#..#####Z#.##
##..............###......# #....#
#..........###...........# #.....
#........).###.###.......###.....
#..........##..# #.#............Z
#..........#..####.#.....##......


There were no monsters in sight!

Vanquished Creatures
  An adder (D:2)
  A giant gecko (D:1)
  2 bats (D:1)
  A giant cockroach (D:1)
  3 goblins
  5 hobgoblins (D:1)
  5 kobolds (D:1)
  4 giant newts (D:1)
  2 rats (D:1)
24 creatures vanquished.

Vanquished Creatures (collateral kills)
  A giant gecko (D:1)
  A bat (D:1)
  A goblin (D:1)
3 creatures vanquished.

Grand Total: 27 creatures vanquished

Notes
Turn   | Place    | Note
--------------------------------------------------------------
     0 | D:1      | matakusis the Demonspawn Necromancer began the quest for the Orb.
     0 | D:1      | Reached XP level 1. HP: 13/13 MP: 3/3
     2 | D:1      | Learned a level 1 spell: Animate Skeleton
   280 | D:1      | Gained mutation: You sometimes gain a little power by taking damage. [demonic ancestry]
   280 | D:1      | Reached XP level 2. HP: 13/19 MP: 0/5
   429 | D:1      | Reached skill level 5 in Necromancy
   720 | D:2      | Found a faded altar of an unknown god.
   732 | D:2      | Gained mutation: You have a pair of small antennae on your head. [demonic ancestry]
   732 | D:2      | Reached XP level 3. HP: 9/24 MP: 1/7
   744 | D:1      | HP: 1/24 [poisoned by an adder]
   748 | D:1      | Succumbed to an adder's poison

Vault maps used:
D:1:      minmay_arrival_loop, minmay_ruptured
D:2:      xom_butterflies, overflow_temple_1_default, kiku_gazebo_pond_becter,
          old_standard_altar, ecumenical_altar_1, uniq_iyjb

Skill      XL: |  1  2 |
---------------+-------+-----
Necromancy     | 5 |  5.1
Dodging        | |  1.7
Stealth        | |  1.7
Spellcasting   | |  2.7

Action                   || total
-------------------------++-------
Melee: Unarmed           ||    15
       Short sword       ||     5
 Cast: Pain              ||    35
       Animate Skeleton  ||    13
  Use: Potion            ||     3
       Scroll            ||     3
Armor: Robe              ||     9
Dodge: Dodged            ||    29
